Map: Turbo Cruise '84 LE

Players

souL - Winner!

  • Race: Terran Terran
  • Spawn Location: 3:00

iAsonu

  • Race: Zerg Zerg
  • Spawn Location: 7:00

Event: 2019 WCS Summer

VOD

Have the link to the VOD?

Description

Time

  • Played on: July 12, 2019, 3:58 p.m.
  • Length: 15:21

All games in this series

Show
View Real Time Build Order
Export as new Build Order

souL Terran - Winner!

Build Orders: Reaper Expand, Hellion Banshee 

Get SALT Encoding   

  12  0:00  SCV  
  13  0:12  SCV  
  14  0:17  Supply Depot  
  14  0:24  SCV  
  15  0:39  SCV  
  15  0:40  Barracks  
  16  0:45  Refinery  
  16  0:51  SCV  
  17  1:03  SCV  
  18  1:15  SCV  
  19  1:27  Orbital Command, Reaper  
  20  1:42  Command Center  
  20  1:53  Supply Depot  
  20  1:55  SCV  
  21  2:02  Marine  
  21  2:07  SCV  
  23  2:12  Factory  
  23  2:17  Refinery  
  23  2:19  SCV  
  24  2:24  Barracks Reactor  
  24  2:31  SCV  
  25  2:45  SCV  
  26  2:55  Orbital Command  
  26  2:58  SCV, Starport  
  27  3:06  Hellion x2  
  27  3:10  Barracks Tech Lab, SCV  
  32  3:22  SCV  
  32  3:23  SCV  
  34  3:31  Hellion  
  34  3:32  Hellion  
  38  3:34  SCV  
  38  3:35  SCV  
  38  3:40  Banshee, Cloaking Field  
  43  3:44  Barracks Tech Lab  
  43  3:47  SCV  
  43  3:48  SCV  
  45  3:53  Supply Depot  
  45  3:59  SCV, Supply Depot  
  46  4:05  Stimpack  
  46  4:14  SCV x2, Hellion x2  
  46  4:15  Supply Depot  
  52  4:23  Banshee  
  55  4:26  SCV  
  55  4:29  SCV  
  57  4:34  Command Center  
  57  4:38  SCV, Supply Depot  
  57  4:41  SCV  
  57  4:42  Marine  
  60  4:46  Factory Reactor  
  60  4:50  SCV  
  61  4:53  SCV  
  61  4:59  Barracks  
  62  5:00  Marine, Supply Depot  
  62  5:01  Barracks  
  62  5:03  SCV  
  63  5:07  SCV  
  63  5:17  Engineering Bay x2, SCV  
  63  5:18  Marine, Starport Reactor  
  65  5:21  SCV  
  66  5:29  SCV  
  66  5:33  SCV  
  68  5:35  Marine  
  68  5:37  Refinery x2  
  68  5:42  SCV  
  70  5:45  Siege Tank  
  70  5:46  Terran Infantry Weapons Level 1, Terran Infantry Armor Level 1  
  71  5:52  Marine  
  71  5:53  Marine  
  71  5:54  SCV  
  65  5:57  Orbital Command, Marine  
  65  5:59  Medivac  
  65  6:01  Marine, SCV  
  70  6:06  Combat Shield, Marine, Supply Depot  
  70  6:09  Marine  
  73  6:11  Marine, SCV  
  73  6:15  Marine  
  73  6:16  SCV  
  76  6:19  Marine  
  76  6:22  Siege Tank, Orbital Command  
  76  6:23  Marine  
  76  6:24  SCV  
  82  6:27  Marine  
  82  6:28  SCV  
  82  6:29  Marine  
  82  6:31  Medivac  
  87  6:33  Marine  
  87  6:36  SCV  
  87  6:37  Marine  
  87  6:41  Marine, SCV, Supply Depot, Medivac  
  87  6:42  Supply Depot x2  
  87  6:45  Marine  
  87  6:47  Marine  
  92  6:48  SCV  
  92  6:49  SCV  
  92  6:51  Marine  
  92  6:53  SCV  
  97  6:55  Marine  
  97  6:58  Bunker  
  97  6:59  Marine  
  97  7:00  SCV  
  97  7:01  SCV, Medivac  
  103  7:03  Marine  
  103  7:04  Marine  
  103  7:05  SCV  
  103  7:06  Supply Depot  
  103  7:07  Supply Depot  
  106  7:11  Armory  
  106  7:12  SCV  
  106  7:13  SCV  
  106  7:14  Marine  
  109  7:16  Siege Tank, Marine  
  109  7:17  SCV  
  109  7:22  Barracks, Marine  
  115  7:23  Barracks  
  117  7:33  Command Center  
  117  7:35  Marine  
  117  7:36  Marine x3  
  118  7:40  Marine  
  118  7:41  Medivac  
  118  7:54  Marine x2  
  118  7:57  Marine  
  118  8:00  Factory  
  118  8:01  Terran Infantry Weapons Level 2, SCV  
  118  8:02  Terran Infantry Armor Level 2  
  118  8:08  Marine  
  118  8:09  SCV  
  118  8:11  Marine  
  118  8:12  Refinery  
  121  8:14  Marine  
  121  8:18  SCV  
  121  8:19  Marine  
  118  8:21  Barracks Reactor x2  
  118  8:22  Widow Mine x2  
  118  8:26  Marine  
  123  8:31  Medivac  
  123  8:32  Marauder, Marine, Medivac  
  123  8:34  Barracks  
  127  8:35  Barracks x2  
  127  8:37  Marine  
  128  8:44  Marine  
  123  8:49  Factory Tech Lab, Widow Mine  
  123  8:50  Marine, Widow Mine, SCV  
  123  8:53  Marine, SCV  
  123  8:55  Marine  
  128  9:00  Marine  
  128  9:01  Medivac  
  131  9:06  SCV x3  
  131  9:08  Marine  
  135  9:11  Widow Mine x2  
  135  9:13  Marine  
  135  9:15  Marine x4  
  135  9:16  Marauder  
  147  9:18  Drilling Claws, Marine, SCV  
  147  9:23  Missile Turret  
  147  9:25  Thor, Marine  
  147  9:28  SCV  
  153  9:31  Marine  
  153  9:32  Missile Turret  
  153  9:33  Marine x4  
  153  9:36  Marine  
  153  9:37  Marine  
  155  9:40  Widow Mine  
  155  9:43  Marine, Widow Mine  
  156  9:49  Marine  
  156  9:51  Marine x4  
  145  9:53  Marine  
  145  9:54  Marine  
  142  10:01  Marine  
  142  10:05  SCV  
  130  10:07  Marine  
  130  10:09  Marine x4  
  130  10:11  Marine  
  130  10:12  Marine, SCV  
  130  10:14  SCV  
  130  10:16  Widow Mine  
  130  10:19  Marine  
  130  10:20  Planetary Fortress  
  130  10:24  SCV  
  130  10:25  Bunker, Marine  
  130  10:26  Marine  
  130  10:27  Marine x3, Widow Mine  
  138  10:29  Marine, SCV  
  140  10:39  Barracks Tech Lab x3  
  140  10:44  Missile Turret  
  140  10:55  Terran Infantry Weapons Level 3  
  140  10:56  Terran Infantry Armor Level 3  
  140  10:57  SCV  
  140  10:58  Marine, Widow Mine  
  140  10:59  Marine x2  
  140  11:00  Marine  
  140  11:01  SCV  
  140  11:02  Medivac  
  140  11:05  Widow Mine  
  140  11:08  Widow Mine, SCV  
  140  11:10  Supply Depot  
  137  11:11  Supply Depot  
  137  11:12  Supply Depot  
  137  11:14  SCV  
  137  11:15  SCV x2  
  137  11:16  Refinery  
  140  11:30  Supply Depot  
  140  11:31  Supply Depot  
  140  11:32  Marine, Widow Mine x2, SCV x4  
  148  11:33  Widow Mine  
  146  11:42  Marine x5  
  146  11:43  Marine x4  
  146  11:44  SCV x2  
  157  11:53  Marauder, Marine, Widow Mine  
  162  12:00  Marine x6  
  165  12:03  Marine  
  165  12:07  Marine x2  
  160  12:10  Marine  
  160  12:12  Widow Mine  
  160  12:14  Marine  
  160  12:16  Medivac  
  160  12:18  Marine x3  
  160  12:20  Marine, SCV  
  148  12:39  Bunker  
  148  12:40  Supply Depot  
  148  12:42  Supply Depot  
  142  13:03  Medivac x2  
  142  13:04  SCV x2  
  148  13:10  Marine, SCV  
  148  13:15  Supply Depot  
  148  13:16  Supply Depot  
  148  13:17  Marine x7  
  148  13:18  Marauder, SCV  
  148  13:19  Marauder  
  156  13:26  Missile Turret  
  156  13:31  SCV  
  156  13:32  Marine x2  
  155  13:34  Medivac  
  155  13:35  Medivac  
  155  13:36  Marine x6  
  155  13:37  Marauder  
  155  13:39  Marine  
  155  13:40  Marine  
  123  13:50  Marine x2  
  123  13:53  Marine x2  
  123  13:54  Marine x4  
  123  13:57  Marine  
  123  13:58  Marine x2  
  98  14:04  Widow Mine, Medivac  
  98  14:07  Marine  
  98  14:08  Marine  
  103  14:11  Marine x2  
  103  14:12  Marine x4  
  103  14:13  SCV x3  
  103  14:14  Marine  
  103  14:15  Marine  
  103  14:16  Marine  
  109  14:20  SCV  
  106  14:25  Marine  
  106  14:26  Marine  
  106  14:28  Medivac  
  106  14:29  Marine x3  
  106  14:30  Marine x2  
  112  14:41  Widow Mine x2  
  112  14:42  Marine  
  112  14:43  Marine x3, Marauder  
  122  14:50  Marine  
  122  14:51  Marauder  
  122  14:54  Widow Mine  
  122  14:58  Marine  
  119  15:00  Marine  
Show
View Real Time Build Order
Export as new Build Order

iAsonu Zerg 

Build Orders: Hatch First, Muta Ling Bane 

Get SALT Encoding   

  12  0:01  Drone  
  13  0:14  Overlord  
  13  0:17  Drone  
  14  0:32  Drone x2  
  16  0:48  Hatchery  
  15  0:51  Drone  
  15  0:56  Drone  
  17  0:58  Drone  
  18  1:10  Extractor  
  17  1:16  Spawning Pool  
  17  1:18  Drone  
  17  1:20  Drone  
  18  1:30  Drone  
  19  1:40  Drone  
  20  1:51  Drone  
  21  2:02  Queen x2  
  21  2:03  Zergling x4  
  27  2:17  Hatchery  
  27  2:21  Overlord  
  26  2:27  Metabolic Boost  
  26  2:30  Drone  
  27  2:37  Drone  
  27  2:40  Queen  
  30  2:49  Drone x2  
  32  2:52  Drone  
  33  2:59  Overlord  
  33  3:02  Drone x2  
  35  3:08  Drone  
  36  3:22  Drone x5  
  36  3:23  Queen  
  43  3:33  Queen  
  45  3:34  Overlord  
  45  3:38  Zergling x6  
  48  3:43  Drone  
  48  3:48  Lair  
  49  3:51  Drone  
  49  3:54  Drone  
  49  3:55  Drone  
  51  3:59  Overlord  
  51  4:01  Drone x5  
  56  4:10  Overlord  
  56  4:17  Queen  
  56  4:18  Queen  
  56  4:19  Baneling Nest  
  56  4:21  Spore Crawler  
  56  4:23  Drone  
  59  4:26  Drone x2  
  59  4:27  Drone  
  59  4:30  Drone  
  63  4:32  Extractor  
  63  4:33  Drone, Extractor  
  63  4:36  Drone x2  
  63  4:37  Drone  
  65  4:40  Drone x2  
  65  4:43  Spore Crawler  
  65  4:44  Drone  
  67  4:46  Overseer  
  67  4:47  Overseer  
  67  4:52  Overlord  
  67  4:54  Drone x3  
  70  5:04  Zergling x10  
  73  5:08  Drone  
  73  5:10  Overlord  
  73  5:12  Drone  
  74  5:14  Drone  
  74  5:16  Drone  
  74  5:17  Drone  
  77  5:22  Extractor  
  77  5:23  Extractor  
  77  5:24  Drone x2  
  77  5:25  Spire  
  77  5:27  Drone  
  77  5:28  Drone  
  76  5:30  Drone  
  76  5:32  Extractor  
  75  5:36  Drone x5  
  80  5:46  Evolution Chamber  
  77  5:50  Evolution Chamber  
  77  5:52  Drone x7  
  74  5:59  Drone x2  
  74  6:04  Drone x3  
  78  6:06  Drone x2  
  78  6:10  Drone x5  
  85  6:12  Drone  
  84  6:21  Zerg Ground Armor Level 1, Zerg Melee Weapons Level 1  
  84  6:24  Drone x4  
  87  6:34  Overlord  
  87  6:35  Zergling x4  
  89  6:43  Overlord  
  89  6:47  Overlord x2  
  89  6:53  Mutalisk x3, Hatchery  
  94  6:55  Centrifical Hooks  
  94  6:58  Mutalisk  
  96  7:02  Mutalisk x2  
  100  7:09  Zergling x10  
  100  7:12  Drone  
  100  7:13  Zergling x6  
  109  7:18  Zergling x10  
  114  7:28  Baneling x7  
  114  7:29  Mutalisk x3  
  120  7:37  Zergling x4  
  120  7:48  Overlord  
  120  7:54  Overlord  
  120  7:55  Zerg Flyer Weapons Level 1  
  120  7:58  Hatchery  
  119  7:59  Overlord  
  119  8:00  Hatchery  
  119  8:04  Mutalisk x3  
  122  8:15  Mutalisk x4  
  128  8:20  Drone x12  
  139  8:27  Zerg Melee Weapons Level 2  
  137  8:41  Overlord  
  137  8:47  Overlord  
  132  8:51  Overlord x3  
  132  8:52  Baneling x3  
  132  8:53  Baneling x5  
  132  8:55  Zergling x10  
  137  8:59  Mutalisk  
  137  9:00  Mutalisk x2  
  138  9:05  Zergling x12  
  144  9:13  Zergling x12  
  149  9:19  Zergling x2  
  149  9:24  Zergling x8  
  154  9:27  Zergling x8  
  154  9:28  Baneling x8  
  157  9:41  Baneling  
  157  9:42  Baneling x12  
  157  9:44  Zergling x2, Hatchery  
  157  9:45  Zergling x6  
  153  9:48  Zergling x20  
  157  9:55  Zergling x6  
  155  10:01  Zergling x6  
  153  10:08  Mutalisk x3  
  153  10:13  Mutalisk  
  151  10:15  Baneling x3  
  143  10:21  Zergling x6  
  146  10:29  Mutalisk  
  146  10:32  Zergling x6  
  151  10:40  Overlord  
  151  10:41  Zergling x6  
  151  10:42  Infestation Pit  
  153  10:48  Zergling x14  
  155  10:59  Mutalisk x4  
  155  11:03  Zergling x4  
  163  11:06  Zergling x2  
  163  11:07  Pneumatized Carapace  
  164  11:11  Baneling  
  164  11:12  Baneling x3  
  164  11:17  Hatchery  
  164  11:18  Baneling x4  
  161  11:19  Zergling x2  
  161  11:20  Zergling x18  
  161  11:21  Overseer  
  171  11:39  Zergling x22  
  170  11:52  Zergling x18  
  170  11:53  Baneling x8  
  170  11:54  Baneling x2  
  138  12:08  Drone x4  
  138  12:09  Drone x4  
  138  12:14  Zergling x10  
  137  12:16  Baneling x16  
  137  12:21  Zergling x6  
  136  12:25  Mutalisk x3  
  133  12:33  Zergling x12  
  139  12:38  Hive  
  139  12:41  Overseer x2  
  137  12:45  Drone x2  
  137  12:46  Drone  
  137  12:48  Baneling x2  
  139  12:56  Zergling x24  
  150  13:01  Overseer  
  149  13:11  Zergling x20  
  149  13:12  Zergling x6  
  162  13:14  Baneling x12  
  162  13:20  Zergling x12  
  162  13:24  Spore Crawler  
  167  13:31  Zergling x12  
  167  13:32  Baneling  
  167  13:33  Baneling x14  
  172  13:41  Baneling x8  
  139  13:49  Zergling x8  
  139  13:50  Zergling x6  
  139  13:53  Zergling x6  
  139  13:54  Baneling  
  139  13:55  Baneling  
  127  14:00  Zergling x6  
  102  14:16  Drone x3  
  102  14:17  Drone x7  
  103  14:29  Zergling x2  
  103  14:30  Zergling x14  
  108  14:48  Hatchery  
  108  14:50  Zergling x2  
  108  14:51  Zergling x14  
  97  15:04  Zergling x16  
Tags
 
Add a new tag
Caveats
  • Supply blocks, unpowered buildings, or Contaminate may cause inaccurate times.
  • Supply counts are checked every 10 seconds.